 Dungeon Sprint DCSS version 0.21-a0-59-g7b0e191 (webtiles) character file.

606 Kidiri the Grappler (level 7, -8/76 HPs)
             Began as a Troll Monk on June 16, 2017.
             Was a Believer of Wu Jian.
             Mangled by a centaur warrior (11 damage)
             ... in the Dungeon (Sprint I: "Red Sonja").
             The game lasted 00:02:36 (248 turns).

Kidiri the Grappler (Troll Monk)                     Turns: 248, Time: 00:02:36

Health: -8/76      AC:  6    Str: 20    XL:     7   Next: 19%
Magic:  6/6        EV: 13    Int:  6    God:    Wu Jian [**....]
Gold:   379        SH:  0    Dex: 14    Spells: 6/6 levels left

rFire    . . .     SeeInvis .     - Unarmed
rCold    . . .     Gourm    +   (no shield)
rNeg     . . .     Faith    .   j - +1 robe {Archmagi}
rPois    .         Spirit   .   (helmet restricted)
rElec    .         Reflect  .   (no cloak)
rCorr    .         Harm     .   (gloves unavailable)
MR       .....     NoTele   +   (boots unavailable)
Stlth    +++.......             (no amulet)
HPRegen  0.62/turn              (no ring)
MPRegen  0.10/turn              (no ring)

@: no status effects
A: unfitting armour, claws 3, fast metabolism 3, gourmand, regeneration 1,
shaggy fur 1, tough skin 2
a: Renounce Religion


You were in the Dungeon.
You worshipped Wu Jian.
Wu Jian was pleased with you.
You were completely stuffed.

You visited 1 branch You collected 405 gold pieces.
You spent 26 gold pieces at shops.

Inventory:

Armour
 j - a +1 robe of the Archmagi (worn)
Scrolls
 h - a scroll of blinking
Potions
 c - 2 potions of curing
 e - a potion of haste
 f - 2 potions of magic
 g - a potion of berserk rage
Comestibles
 b - 2 bread rations
 i - a chunk of flesh


   Skills:
 * Level 6.7 Fighting
 + Level 4.1 Armour
 * Level 6.6 Dodging
 * Level 4.7 Stealth
 * Level 8.0 Unarmed Combat


You had 6 spell levels left.
You didn't know any spells.

Dungeon Overview and Level Annotations

Branches:
Dungeon (1/1)

Altars:
Cheibriados
Dithmenos
Elyvilon
Fedhas
Gozag
Hepliaklqana
Kikubaaqudgha
Makhleb
Nemelex Xobeh
Okawaru
Qazlal
Ru
Sif Muna
Trog
Uskayaw
Vehumet
Wu Jian
Xom
Yredelemnul
Zin
The Shining One
Jiyva
Lugonu

Shops:
D *

Annotations:
D exclusion: 2 doors


Innate Abilities, Weirdness & Mutations

You are too large for most types of armour.
You have claws for hands.
Your metabolism is lightning-fast.
You like to eat raw meat.
Your natural rate of healing is unusually fast.
You are covered in fur. (AC +1)
You have very tough skin. (AC +2)


Message History

You scratch the centaur warrior.
The centaur warrior is moderately wounded.
The centaur warrior hits you!
Unknown command.
You spin and attack the centaur warrior.
You claw the centaur warrior!
The centaur warrior is heavily wounded.
You spin and attack the centaur warrior repeatedly.
You scratch the centaur warrior but do no damage.
The centaur warrior is lightly wounded.
You scratch the centaur warrior but do no damage.
The centaur warrior is lightly wounded.
The centaur warrior hits you!
* * * LOW HITPOINT WARNING * * *
The centaur warrior hits you.
* * * LOW HITPOINT WARNING * * *
The centaur warrior hits you!
* * * LOW HITPOINT WARNING * * *
The centaur warrior hits you!
You die...

##################***************
..').#.['..#__#..+,,,*,,*,,,,+,,,
[.#..'..#..+..+..#,,,**+*,****,,,
####+#####'#__####,,,+,,*,*,***,,
###..#...#)####§§#****,,+,*+*,***
__####..##.#§≈§§@#,,**+****,,,*,*
_____##+#_.§§§§cc+,,*,,,,,*,,,***
_.∩...+..._#§≈§§.#,,*,,,,,+,,,,,*
_..__##_.#+##+####*+***,,,*,,,,,*
_____###+#.#,,,,***,+,*,,,***++**
######**,###*+***,***,*,,***,,***
,,,,,,+,,,+,,,,,+,∩**,*,,****,,**
+++****,,,***********,**+*,,*,,*,
,,,,****,***,,,,,,,**,**,*,,,,,,,


You could see 2 centaur warriors.

Vanquished Creatures
  A slime creature (D)
  A yak (D)
  Sigmund (D)
  An ogre (D)
  A jelly (D)
  Ijyb (D)
6 creatures vanquished.

Notes
Turn   | Place    | Note
-------+----------+-------------------------------------------
     0 | D        | Kidiri the Troll Monk began the quest for the Orb.
     0 | D        | Reached XP level 1. HP: 22/22 MP: 0/0
     4 | D        | Noticed Ijyb
    12 | D        | Killed Ijyb
    12 | D        | Reached skill level 1 in Armour
    12 | D        | Reached skill level 4 in Unarmed Combat
    12 | D        | Reached XP level 2. HP: 27/31 MP: 1/1
    22 | D        | Noticed an ogre
    25 | D        | Killed an ogre
    25 | D        | Reached skill level 5 in Unarmed Combat
    25 | D        | Reached XP level 3. HP: 38/40 MP: 2/2
    25 | D        | Reached XP level 4. HP: 47/49 MP: 3/3
    41 | D        | Noticed Sigmund
    46 | D        | Killed Sigmund
    46 | D        | Reached skill level 5 in Fighting
    46 | D        | Reached skill level 5 in Dodging
    46 | D        | Reached skill level 6 in Unarmed Combat
    46 | D        | Reached XP level 5. HP: 55/57 MP: 4/4
    73 | D        | Found an ornate altar of the Wu Jian Council.
    73 | D        | Found a deep blue altar of Sif Muna.
    75 | D        | Found a radiant altar of Vehumet.
    78 | D        | Became a worshipper of the Wu Jian Council
    78 | D        | Reached * piety under Wu Jian
    78 | D        | Reached ** piety under Wu Jian
    80 | D        | Reached XP level 6. HP: 62/66 MP: 5/5
   117 | D        | Found Paubraor's General Store.
   117 | D        | Found an ancient bone altar of Kikubaaqudgha.
   117 | D        | Found a hazy altar of Hepliaklqana.
   117 | D        | Found a stormy altar of Qazlal.
   117 | D        | Found a hide-covered altar of Uskayaw.
   117 | D        | Found a blossoming altar of Fedhas.
   117 | D        | Found a bloodstained altar of Trog.
   117 | D        | Found an iron altar of Okawaru.
   117 | D        | Found a basalt altar of Yredelemnul.
   117 | D        | Found a glowing golden altar of the Shining One.
   117 | D        | Found a snail-covered altar of Cheibriados.
   117 | D        | Found a sacrificial altar of Ru.
   117 | D        | Found a glowing silver altar of Zin.
   117 | D        | Found a shadowy altar of Dithmenos.
   117 | D        | Found a white marble altar of Elyvilon.
   117 | D        | Noticed a yak
   118 | D        | Found an opulent altar of Gozag.
   130 | D        | Killed a yak
   130 | D        | Reached skill level 7 in Unarmed Combat
   138 | D        | Found a sparkling altar of Nemelex Xobeh.
   142 | D        | Bought a scroll of identify for 26 gold pieces
   183 | D        | Found a burning altar of Makhleb.
   183 | D        | Found a viscous altar of Jiyva.
   183 | D        | Found a shimmering altar of Xom.
   183 | D        | Found a corrupted altar of Lugonu.
   183 | D        | Noticed a slime creature
   191 | D        | Killed a slime creature
   191 | D        | Reached skill level 8 in Unarmed Combat
   191 | D        | Reached XP level 7. HP: 49/76 MP: 6/6
   238 | D        | Noticed a centaur warrior
   238 | D        | Noticed a centaur warrior
   248 | D        | HP: 3/76 [centaur warrior (8)]
   248 | D        | Mangled by a centaur warrior

Vault maps used:
D:        dungeon_sprint_1

Skill      XL: |  1  2  3  4  5  6 |
---------------+-------------------+-----
Fighting       | 3 4 5 6 |  6.7
Armour         | 1 2 3 4 |  4.1
Dodging        | 3 4 5 6 |  6.6
Unarmed Combat | 4 5 6 8 |  8.0
Stealth        | 2 3 4 |  4.7

Action                   |  1- 3 |  4- 6 |  7- 9 || total
-------------------------+-------+-------+-------++-------
Melee: Unarmed           |    11 |    21 |    11 ||    43
       Punch             |     1 |       |       ||     1
  Use: Scroll            |       |     2 |       ||     2
       Potion            |       |       |     1 ||     1
 Stab: Sleeping          |       |     1 |     2 ||     3
  Eat: Chunk             |       |     7 |     1 ||     8
Armor: Robe              |     1 |     4 |     2 ||     7
Dodge: Dodged            |     4 |     4 |     6 ||    14
